 Dungeon Crawl Stone Soup version 0.29.1-15-g9cfb28693d (webtiles) character file.

Game seed: 4592450599104133927

265 protoss039 the Digger (level 5, -2/39 HPs)
             Began as a Demonspawn Earth Elementalist on Mar 8, 2023.
             Slain by an iguana (7 damage)
             ... on level 5 of the Dungeon.
             The game lasted 00:05:17 (3949 turns).

protoss039 the Digger (DsEE)                        Turns: 3949, Time: 00:05:18

Health: -2/39      AC:  5    Str:  9    XL:     5   Next: 99%
Magic:  0/9        EV: 11    Int: 18    God:
Gold:   250        SH:  4    Dex: 13    Spells: 4/10 levels left

rFire   . . .      SeeInvis +   o - +0 short sword
rCold   . . .      Faith    .   u - +0 buckler
rNeg    . . .      Spirit   +   a - +0 robe
rPois   .          Reflect  .   v - +0 helmet
rElec   .          Harm     .   q - +0 cloak
rCorr   .          Rampage  .   j - +0 pair of gloves
Will    .....                   (no boots)
Stlth   ++........              (no amulet)
HPRegen 0.13/turn               m - ring of see invisible
MPRegen 0.22/turn               (no ring)

@: no status effects
A: magic shield, magic regeneration, weakness stinger 2
a: no special abilities


You were on level 5 of the Dungeon.
You visited 1 branch of the dungeon, and saw 5 of its levels.

You collected 250 gold pieces.

Inventory:

Hand Weapons
 o - a +0 short sword (weapon)
Armour
 a - a +0 robe (worn)
 j - a +0 pair of gloves (worn)
 q - a +0 cloak (worn)
 u - a +0 buckler (worn)
 v - a +0 helmet (worn)
Jewellery
 m - a ring of see invisible (left hand)
Scrolls
 e - a scroll of noise {unknown}
 g - a scroll of teleportation {unknown}
 i - a scroll of immolation {unknown}
 l - 5 scrolls of identify {unknown}
 n - a scroll of magic mapping {unknown}
 r - a scroll of acquirement {unknown}
Potions
 b - a potion of magic
 c - 2 potions of brilliance {unknown}
 d - a potion of haste {unknown}
 f - 5 potions of curing {unknown}
 h - a potion of might {unknown}
 k - 4 potions of flight {unknown}
 p - a potion of heal wounds {unknown}
 s - a potion of attraction {unknown}
 t - a potion of mutation {unknown}
 w - a potion of lignification {unknown}


   Skills:
 + Level 2.6 Fighting
 + Level 1.2 Armour
 - Level 1.7 Dodging
 - Level 1.7 Stealth
 + Level 1.1 Shields
 + Level 3.2 Spellcasting
 + Level 1.6 Conjurations
 - Level 0.8 Transmutations
 + Level 3.8 Earth Magic


You had 4 spell levels left.
You knew the following spells:

 Your Spells              Type           Power      Damage    Failure   Level
a - Sandblast             Erth           32%        2d9       4%          1
b - Passwall              Tmut/Erth      9%         N/A       12%         2
c - Stone Arrow           Conj/Erth      24%        3d8       21%         3

Your spell library contained the following spells:

 Spells                   Type           Power      Damage    Failure   Level
 Apportation              Tloc           4%         N/A       22%         1
 Petrify                  Tmut/Erth      11%        N/A       61%         4
 Alistair's Intoxication  Tmut/Pois      2%         N/A       99%         5


Dungeon Overview and Level Annotations

Branches:
Dungeon (5/15) Zot: 25976
 Temple: D:4-7

Altars:

Shops:
D:1 :


Innate Abilities, Weirdness & Mutations

When hurt, damage is shared between your health and your magic reserves.
You regenerate magic rapidly.
You have a tail ending in a sharp stinger.


Message History

The blast of sand hits the iguana but does no damage.
The iguana is heavily wounded.
The iguana bites you but does no damage.
The iguana closely misses you.
Unknown command.
Casting: Sandblast (safe; 4% risk of failure)
Confirm with . or Enter, or press ? or * to list all spells.
You don't have enough magic to cast this spell.
Unknown command.
Unknown command.
The iguana attacks as you move away! The iguana bites you.
* * * LOW HITPOINT WARNING * * *
Casting: Sandblast (safe; 4% risk of failure)
Confirm with . or Enter, or press ? or * to list all spells.
Aiming: Sandblast (safe; 4% risk of failure)
Press: ? - help, Shift-Dir - straight line, f/p - iguana
Aim: an iguana (heavily wounded, 84% to hit)
The blast of sand hits the iguana.
The iguana is severely wounded.
The iguana bites you.
* * * LOW HITPOINT WARNING * * *
The iguana attacks as you move away! The iguana misses you.
You aren't carrying any items that you can evoke.
Okay, then.
The iguana attacks as you move away! You block the iguana's attack.
Casting: Sandblast (safe; 4% risk of failure)
Confirm with . or Enter, or press ? or * to list all spells.
You don't have enough magic to cast this spell.
Unknown command.
The iguana attacks as you move away!
The iguana bites you but does no damage.
Casting: Sandblast (safe; 4% risk of failure)
Confirm with . or Enter, or press ? or * to list all spells.
Aiming: Sandblast (safe; 4% risk of failure)
Press: ? - help, Shift-Dir - straight line, f/p - iguana
Aim: an iguana (severely wounded, 84% to hit)
The blast of sand hits the iguana but does no damage.
The iguana is severely wounded.
The iguana bites you!
You die...

###################
.............รท..@.#
#################l#
### .........# ..#
.........# ..#
.........# ..#
.........# ..##
.........########
...#
................#
...#
................#


You could see an iguana.

Vanquished Creatures
  A howler monkey (D:5)
  An orc priest (D:3)
  An iguana (D:5)
  2 orc wizards (D:3)
  2 adders
  A shadow imp (D:5)
  A worm (D:2)
  2 dart slugs
  9 orcs (D:3)
  4 ball pythons
  5 bats
  5 endoplasms
  2 giant cockroaches
  9 goblins
  12 hobgoblins
  6 jackals
  A quokka (D:3)
  2 frilled lizards
  6 kobolds
  3 rats
75 creatures vanquished.

Vanquished Creatures (others)
  2 plants (D:3)
2 creatures vanquished.

Grand Total: 77 creatures vanquished

Notes
Turn   | Place    | Note
-------+----------+-------------------------------------------
     0 | D:1      | protoss039 the Demonspawn Earth Elementalist began the
                  | quest for the Orb.
     0 | D:1      | Reached XP level 1. HP: 13/13 MP: 3/3
   218 | D:1      | Found Satzeo's Book Shoppe.
   293 | D:1      | Gained mutation: You regenerate magic rapidly. [demonic
                  | ancestry]
   293 | D:1      | Reached XP level 2. HP: 20/20 MP: 3/5
   552 | D:1      | Reached skill level 1 in Fighting
   972 | D:1      | Learned a level 2 spell: Passwall
  1160 | D:1      | Gained mutation: You have a small tail. [demonic ancestry]
  1160 | D:1      | Reached XP level 3. HP: 12/26 MP: 2/6
  2105 | D:2      | Found a faded altar of an unknown god.
  2295 | D:2      | Gained mutation: You have a tail ending in a sharp stinger.
                  | [demonic ancestry]
  2295 | D:2      | Reached XP level 4. HP: 33/33 MP: 6/8
  2334 | D:2      | Learned a level 3 spell: Stone Arrow
  2801 | D:3      | Reached skill level 1 in Conjurations
  2801 | D:3      | Gained mutation: When hurt, damage is shared between your
                  | health and your magic reserves. [demonic ancestry]
  2801 | D:3      | Reached XP level 5. HP: 15/38 MP: 5/9
  3080 | D:3      | Reached skill level 1 in Armour
  3515 | D:4      | You fall into a shaft and drop 1 floor!
  3515 | D:5      | Entered Level 5 of the Dungeon
  3522 | D:5      | Reached skill level 1 in Shields
  3949 | D:5      | Slain by an iguana

Illustrated notes

Levels and vault maps discovered:
D:1:      shiori_arrival_maze, layout_loops_ring, serial_shops, shop_statue,
          bh_walls_and_bars
D:2:      cheibrodos_greedy_goblins, layout_rooms,
          chequers_ecumenical_altar_twisty
D:3:      layout_basic, minmay_misc_feat_iff, serial_bayou_pond_c
D:4:      layout_basic, mainiacjoe_overflow_alcove_4, serial_co_window_serial,
          co_window_paths_a, co_window_of_opportunity_a, co_window_paths_b,
          co_window_of_opportunity_a, co_window_paths_b, co_window_paths_b,
          co_window_cross_4, co_window_corner_b, co_window_paths_c,
          co_window_corner_b, co_window_paths_e, glass_columns_b,
          glass_columns_c, glass_columns_a, glass_columns_a, uniq_duvessa,
          uniq_robin, uniq_natasha
D:5:      layout_basic, doesnt_xom_only_xom, kiku_gazebo_pond_becter,
          uniq_crazy_yiuf_cottage, uniq_eustachio, uniq_menkaure

Skill      XL: |  1  2  3  4  5 |
---------------+----------------+-----
Fighting       | 1 2 |  2.6
Earth Magic    | 3 |  3.8
Spellcasting   | 3 |  3.2
Conjurations   | 1 |  1.6
Armour         | 1 |  1.2
Shields        | 1 |  1.1
Dodging        | |  1.7
Stealth        | |  1.7
Transmutations | |  0.8

Action                   |  1- 3 |  4- 6 || total
-------------------------+-------+-------++-------
Melee: Dagger            |     8 |       ||     8
       Short sword       |    10 |    13 ||    23
       Tailslap          |     2 |       ||     2
 Cast: Sandblast         |    68 |    70 ||   138
Armor: Robe              |    21 |    12 ||    33
Dodge: Dodged            |    74 |    28 ||   102
Block: Buckler           |       |     7 ||     7
